 Dungeon Crawl Stone Soup version 0.26-a0-690-gcb57259078 (webtiles) character file.

Game seed: 3045707824286846879

834 Gargoyl the Skirmisher (level 7, -5/60 HPs)
             Began as a Gnoll Abyssal Knight on Oct 24, 2020.
             Was a Believer of Lugonu.
             Slain by a yak (12 damage)
             ... on level 4 of the Dungeon.
             The game lasted 00:04:58 (4790 turns).

Gargoyl the Skirmisher (Gnoll Abyssal Knight)       Turns: 4790, Time: 00:04:58

Health: -5/60      AC: 11    Str: 17    XL:     7   Next: 98%
Magic:  11/11      EV:  9    Int: 14    God:    Lugonu [**....]
Gold:   251        SH:  0    Dex: 16    Spells: 11/11 levels left

rFire    . . .     SeeInvis +   a - +2 hand axe
rCold    . . .     Faith    .   (no shield)
rNeg     . . .     Spirit   .   h - +0 chain mail (curse)
rPois    .         Reflect  .   (no helmet)
rElec    .         Harm     .   e - +0 cloak
rCorr    .         Rampage  .   (no gloves)
MR       +....                  (no boots)
Stlth    ..........             (no amulet)
HPRegen  0.20/turn              n - ring of see invisible
MPRegen  0.12/turn              (no ring)

@: no status effects
A: distributed training, fangs 1, thin skeletal structure 1, magic resistance 1,
strong nose
a: Depart the Abyss, Bend Space, Renounce Religion


You were on level 4 of the Dungeon.
You worshipped Lugonu.
Lugonu was pleased with you.
You visited 1 branch of the dungeon, and saw 5 of its levels.
You visited the Abyss 1 time.

You collected 251 gold pieces.

Inventory:

Hand Weapons
 a - a +2 hand axe (weapon)
 l - a +0 broad axe
Missiles
 k - 52 poisoned darts (quivered)
Armour
 e - a +0 cloak (worn)
 h - a cursed +0 chain mail (worn)
Jewellery
 n - a ring of see invisible (left hand)
Wands
 c - a wand of disintegration (11)
 d - a wand of flame (11)
 i - a wand of polymorph (16)
 p - a wand of random effects (25)
Scrolls
 b - 2 scrolls of identify
 g - 2 scrolls of teleportation
 j - a scroll of remove curse
 q - a scroll of enchant armour {unknown}
Potions
 f - 3 potions of curing
 m - 2 potions of might {unknown}
 o - a potion of cancellation
 r - a potion of magic {unknown}


   Skills:
 + Level 7.2 Fighting
 + Level 2.8 Short Blades
 + Level 2.8 Long Blades
 + Level 5.4 Axes
 + Level 2.8 Maces & Flails
 + Level 2.8 Polearms
 + Level 2.8 Staves
 + Level 2.8 Slings
 + Level 2.8 Bows
 + Level 2.8 Crossbows
 + Level 2.8 Throwing
 + Level 5.4 Armour
 + Level 3.9 Dodging
 + Level 2.8 Stealth
 + Level 2.8 Shields
 + Level 2.8 Unarmed Combat
 + Level 2.8 Spellcasting
 + Level 2.3 Conjurations
 + Level 2.3 Hexes
 + Level 2.3 Summonings
 + Level 2.3 Necromancy
 + Level 2.3 Translocations
 + Level 2.3 Transmutations
 + Level 2.3 Fire Magic
 + Level 2.3 Ice Magic
 + Level 2.3 Air Magic
 + Level 2.3 Earth Magic
 + Level 2.3 Poison Magic
 + Level 5.6 Invocations
 + Level 2.8 Evocations


You had 11 spell levels left.
You didn't know any spells.
Your spell library contained the following spells:

 Spells                   Type           Power        Failure   Level
 Animate Skeleton         Necr           #.....       73%         1
 Apportation              Tloc           #.....       73%         1
 Corona                   Hex            #......      73%         1
 Summon Small Mammal      Summ           #...         73%         1
 Call Imp                 Summ           #.......     86%         2
 Call Canine Familiar     Summ           #.......     97%         3
 Summon Guardian Golem    Hex/Summ       #.......     97%         3
 Summon Ice Beast         Ice/Summ       #.......     100%        4
 Summon Lightning Spire   Summ/Air       #.......     100%        4


Dungeon Overview and Level Annotations

Branches:
Dungeon (5/15)
 Temple: D:4-7

Altars:
Makhleb
Nemelex Xobeh

Annotations:
D:5 Eustachio


Innate Abilities, Weirdness & Mutations

Your experience applies equally to all skills.
You have very sharp teeth.
Your uncanny sense of smell can sniff out nearby items.
You have a somewhat thin skeletal structure. (Dex +2, Stealth)
You are resistant to hostile enchantments. (MR+)


Message History

The yak is severely wounded.
The yak gores you.
You hit the yak but do no damage.
The yak is severely wounded.
The yak gores you.
You completely miss the yak.
The yak is severely wounded.
The yak barely misses you.
You hit the yak. You bite the yak, but do no damage.
The yak is severely wounded.
The yak gores you!
* * * LOW HITPOINT WARNING * * *
Your chain mail prevents you from hitting the yak.
The yak is severely wounded.
The yak gores you!
* * * LOW HITPOINT WARNING * * *
You hit the yak.
The yak is severely wounded.
The yak gores you!
You die...

#.##......#.#
#.#########.#
#...........#####
#..............<#
##.##############
#.# #.#
###########.######
..............YY@#
###.#######.#.####
###.#######.#.#
............#.#
......#######.#
......# #.#
......# #.#
......# #.#
......#######.#


You could see 2 yaks.

Vanquished Creatures
  Grinder (D:3)
  Duvessa (D:3)
  A centaur (D:3)
  Dowan (D:3)
  A howler monkey (D:4)
  A centaur zombie (D:2)
  Ijyb (D:3)
  A hound (D:4)
  2 orc wizards
  Natasha (twice) (D:3)
  7 adders
  A shadow imp (D:4)
  6 worms
  A dart slug (D:2)
  3 leopard geckos
  3 orcs
  7 bats
  3 giant cockroaches
  3 hobgoblins
  6 jackals
  5 kobolds
  2 quokkas (D:3)
  3 ball pythons
  4 frilled lizards
  7 goblins
  A leopard gecko skeleton (D:3)
  11 rats
85 creatures vanquished.

Vanquished Creatures (others)
  A worm (D:2)
  2 plants (D:4)
3 creatures vanquished.

Grand Total: 88 creatures vanquished

Notes
Turn   | Place    | Note
-------+----------+-------------------------------------------
     0 | Abyss:1  | Gargoyl the Gnoll Abyssal Knight began the quest for the
                  | Orb.
     0 | Abyss:1  | Reached XP level 1. HP: 23/23 MP: 3/3
    87 | Abyss:2  | Gained mutation: You have a somewhat thin skeletal
                  | structure. (Dex +2, Stealth) [potion of mutation]
    87 | Abyss:2  | Gained mutation: You are resistant to hostile enchantments.
                  | (MR+) [potion of mutation]
   109 | Abyss:2  | Noticed a small abomination
   116 | Abyss:2  | Noticed a ynoxinul
   118 | D:1      | Escaped the Abyss
   356 | D:1      | Reached XP level 2. HP: 21/29 MP: 5/5
   663 | D:1      | Reached * piety under Lugonu
  1076 | D:2      | Reached XP level 3. HP: 25/35 MP: 6/6
  1480 | D:2      | Reached skill level 1 in Short Blades
  1480 | D:2      | Reached skill level 1 in Long Blades
  1480 | D:2      | Reached skill level 1 in Maces & Flails
  1480 | D:2      | Reached skill level 1 in Polearms
  1480 | D:2      | Reached skill level 1 in Staves
  1480 | D:2      | Reached skill level 1 in Slings
  1480 | D:2      | Reached skill level 1 in Bows
  1480 | D:2      | Reached skill level 1 in Crossbows
  1480 | D:2      | Reached skill level 1 in Throwing
  1480 | D:2      | Reached skill level 1 in Stealth
  1480 | D:2      | Reached skill level 1 in Shields
  1480 | D:2      | Reached skill level 1 in Unarmed Combat
  1480 | D:2      | Reached skill level 1 in Spellcasting
  1480 | D:2      | Reached skill level 1 in Evocations
  1577 | D:2      | Reached skill level 1 in Conjurations
  1577 | D:2      | Reached skill level 1 in Hexes
  1577 | D:2      | Reached skill level 1 in Summonings
  1577 | D:2      | Reached skill level 1 in Necromancy
  1577 | D:2      | Reached skill level 1 in Translocations
  1577 | D:2      | Reached skill level 1 in Transmutations
  1577 | D:2      | Reached skill level 1 in Fire Magic
  1577 | D:2      | Reached skill level 1 in Ice Magic
  1577 | D:2      | Reached skill level 1 in Air Magic
  1577 | D:2      | Reached skill level 1 in Earth Magic
  1577 | D:2      | Reached skill level 1 in Poison Magic
  1577 | D:2      | Reached XP level 4. HP: 20/41 MP: 7/7
  1997 | D:3      | Noticed a centaur
  2010 | D:3      | Killed a centaur
  2010 | D:3      | Reached XP level 5. HP: 8/47 MP: 8/8
  2482 | D:3      | Noticed Ijyb
  2496 | D:3      | Killed Ijyb
  2496 | D:3      | Reached skill level 5 in Invocations
  2496 | D:3      | Reached XP level 6. HP: 34/53 MP: 9/9
  2660 | D:3      | Noticed Grinder
  2682 | D:3      | Killed Grinder
  2682 | D:3      | Reached skill level 5 in Axes
  2682 | D:3      | Reached skill level 5 in Armour
  2866 | D:3      | Reached ** piety under Lugonu
  2869 | D:3      | Reached XP level 7. HP: 56/59 MP: 10/10
  3045 | D:3      | Found a sparkling altar of Nemelex Xobeh.
  3122 | D:3      | Noticed Natasha
  3130 | D:3      | Killed Natasha
  3130 | D:3      | Reached skill level 7 in Fighting
  3271 | D:3      | Found a burning altar of Makhleb.
  3529 | D:4      | Noticed Duvessa
  3529 | D:4      | Noticed Dowan
  3543 | D:3      | Killed Dowan
  3572 | D:3      | Killed Duvessa
  3830 | D:3      | Noticed Natasha
  3836 | D:3      | Killed Natasha
  4768 | D:5      | Entered Level 5 of the Dungeon
  4768 | D:5      | Noticed Eustachio
  4768 | D:5      | Noticed a yak
  4768 | D:5      | Noticed a yak
  4770 | D:5      | Noticed a yak
  4790 | D:4      | Slain by a yak

Illustrated notes

Levels and vault maps discovered:
D:1:      psy_arrival_basics, layout_basic, minmay_misc_feat_chi
D:2:      layout_rooms, serial_bayou_pond_e
D:3:      minmay_angry_zag, layout_loops_ring, lemuel_crystal_altar,
          nemelex_xobeh_ov_fountains_minmay, uniq_natasha, uniq_ijyb,
          uniq_grinder
D:4:      layout_basic, serial_forest, infiniplex_forest_clump_large,
          infiniplex_forest_zigzag_1, infiniplex_forest_diagonal,
          infiniplex_forest_corner_1, infiniplex_forest_lined_corner,
          uniq_duvessa
D:5:      layout_rooms, dancing_weapons_uskayaw, minmay_temple_entry_grid,
          minmay_misc_feat_five, uniq_sigmund, uniq_eustachio

Skill      XL: |  1  2  3  4  5  6  7 |
---------------+----------------------+-----
Short Blades   | 1 2 |  2.8
Long Blades    | 1 2 |  2.8
Maces & Flails | 1 2 |  2.8
Polearms       | 1 2 |  2.8
Staves         | 1 2 |  2.8
Slings         | 1 2 |  2.8
Bows           | 1 2 |  2.8
Crossbows      | 1 2 |  2.8
Throwing       | 1 2 |  2.8
Stealth        | 1 2 |  2.8
Shields        | 1 2 |  2.8
Unarmed Combat | 1 2 |  2.8
Spellcasting   | 1 2 |  2.8
Evocations     | 1 2 |  2.8
Conjurations   | 1 2 |  2.3
Hexes          | 1 2 |  2.3
Summonings     | 1 2 |  2.3
Necromancy     | 1 2 |  2.3
Translocations | 1 2 |  2.3
Transmutations | 1 2 |  2.3
Fire Magic     | 1 2 |  2.3
Ice Magic      | 1 2 |  2.3
Air Magic      | 1 2 |  2.3
Earth Magic    | 1 2 |  2.3
Poison Magic   | 1 2 |  2.3
Dodging        | 3 |  3.9
Invocations    | 5 |  5.6
Axes           | 5 |  5.4
Armour         | 5 |  5.4
Fighting       | 7 |  7.2

Action                   |  1- 3 |  4- 6 |  7- 9 || total
-------------------------+-------+-------+-------++-------
Melee: Hand axe          |    92 |    93 |   151 ||   336
       Bite              |     9 |     9 |    22 ||    40
Invok: Depart the Abyss  |     1 |       |       ||     1
  Use: Potion            |     2 |     2 |     2 ||     6
       Scroll            |     5 |     3 |       ||     8
 Stab: Sleeping          |     3 |       |       ||     3
Armor: Ring mail         |    38 |       |       ||    38
       Chain mail        |       |    53 |    70 ||   123
Dodge: Dodged            |    58 |    31 |    49 ||   138

Table legend: (Time is in decaauts)
 A = Elapsed time spent in this place.
 B = Non-inter-level travel time spent in this place.
 C = Inter-level travel time spent in this place.
 D = Time resting spent in this place.
 E = Time spent auto-exploring this place.
 F = Levels seen in this place.
 G = Mean time per level.
                   A        B        C        D        E       F      G
               +--------+--------+--------+--------+--------+-----+--------+
         Total |   4806 |   4740 |     66 |    538 |   3297 |   7 |  686.6 |
       Dungeon |   4688 |   4622 |     66 |    538 |   3210 |   5 |  937.6 |
         Abyss |    117 |    117 |      0 |      0 |     87 |   2 |   58.5 |
               +--------+--------+--------+--------+--------+-----+--------+

Top non-repeatable levels by time:
     D:3: 1895 daAuts
     D:1: 1231 daAuts
     D:4: 958 daAuts
     D:2: 600 daAuts
 Abyss:1: 73 daAuts
 Abyss:2: 44 daAuts
     D:5: 2 daAuts
